[Event "*** SCC Grand Prix: Titled Tuesday Blitz"]
[Site "Chess.com"]
[Date "2020.07.07"]
[Round "1"]
[White "Anton_Demchenko"]
[Black "vanImpe"]
[Result "1/2-1/2"]
[WhiteElo "2870"]
[BlackElo "2447"]
[TimeControl "180+1"]
[EndTime "10:10:35 PDT"]
[Termination "Game drawn by 50-move rule"]

1. d4 g6 2. e4 Bg7 3. Nf3 c5 4.
dxc5 Na6 5. Bxa6 Qa5+ 6. Bd2 Qxa6 7. Bc3 Nf6 8. Nbd2 O-O 9. Qe2 b6 10. Qxa6 Bxa6 11. cxb6 axb6 12. Bd4 d5 13. e5 Nd7 14. a3 Rfc8 15. O-O-O Bd3 16. Bc3 Bf5 17. Rhe1 Nc5 18. Nd4 Bd7 19. Kb1 e6 20. f4 Bh6 21. g3 Bf8 22. Bb4 Be8 23. g4 Bh6 24. Rf1 Na6 25.
Be7 b5 26. c3 Nc5 27. g5 Bg7 28.
Bxc5 Rxc5 29. h4 h5 30. gxh6 Bxh6 31. Rf2 Ra4 32. Rg1 Kf8 33. N2b3 Rcc4 34. Kc2 b4 35. axb4 Raxb4 36. Kd3 Rb8 37. Ra1 Bxf4 38. Rxf4 Rxb3 39. Nxe6+ Ke7 40. Nd4 Rxb2 41. Ra7+ Kd8 42. e6 fxe6 43.
Nxe6+ Kc8 44. Nd4 Rb7 45. Ra8+ Kd7 46. Rf6 Rc8 47. Rxc8 Kxc8 48. Rd6 Bf7 49. Ke3 Re7+ 50. Kf4 Re4+ 51. Kg5 Kc7 52. Rf6 Be8 53. Re6 Kd7 54. Rxe4 dxe4 55. Kf4 Kd6 56. Kxe4 Kc5 57. Ne2 Kc4 58.
Ke5 Kd3 59. Nf4+ Kxc3 60. Ke6 Kd4 61. Ke7 Bb5 62. Nxg6 Be2 63. Kf6 Ke4 64. Kg5 Bd1 65. Nf4 Ke5 66. Ng2 Bf3 67. Ne3 Ke4 68. Nf5 Ke5 69.
Nh6 Ke6 70. Kf4 Bd1 71. Kg5 Ke7 72. Nf5+ Kf7 73. Ne3 Be2 74. Nd5 Kg7 75. Nf4 Bd1 76.
Ne6+ Kh7 77. Nd4 Kh8 78. Kh6 Bg4 79. Nc6 Bf3 80. Ne5 Be2 81. Ng6+ Kg8 82. Nf4 Bf3 83.
Nh3 Kh8 84. Ng5 Be2 85. Kg6 Bd3+ 86. Kf6 Be2 87. Ne6 Kh7 88. Nf4 Bd1 89. Ng2 Kh6 90. Nf4 Bf3 91. Kf5 Bd1 92. Ke5 Bf3 93. Kd4 Bd1 94. Ke3 Bh5 95. Kf2 Bf7 96. Kg3 Kh7 97. Ng2 Kh6 98. Ne3 Bg6 99. Kg4 Bh5+ 100. Kf4 Bg6 101. Ng4+ Kh5 102. Kg3 Bf5 103. Ne3 Kg6 104. Nd5 Be6 105. Nf4+ Kf6 106. Nd3 Bf7 107. Kf4 Kg6 108. Ne5+ Kf6 109. Nd7+ Kg6 110. Kg3 Kh5 111. Ne5 Be8 112. Ng4 1/2-1/2

[Event "*** SCC Grand Prix: Titled Tuesday Blitz"]
[Site "Chess.com"]
[Date "2020.07.07"]
[Round "1"]
[White "Gabrielian_Artur"]
[Black "bazar-wokzal"]
[Result "1-0"]
[WhiteElo "2768"]
[BlackElo "2409"]
[TimeControl "180+1"]
[EndTime "10:10:45 PDT"]
[Termination "Gabrielian_Artur won by checkmate"]

1. e4 Nc6 2. Nf3 d5 3. exd5 Qxd5 4. Nc3 Qa5 5. Bb5 Bd7 6. O-O a6 7. Bxc6 Bxc6 8. Re1 Qh5 9. Ne5 Qxd1 10. Rxd1 e6 11.
Nxc6 bxc6 12. d3 Bd6 13. Re1 Ne7 14. Ne4 Kd7 15. Bd2 Nf5 16. Bc3 h5 17. g3 Rhb8 18. b3 Rg8 19. Kg2 Rab8 20. a4 Rh8 21. h3 Rbg8 22. a5 Rb8 23. Ra4 Rb5 24. Rc4 Rbb8 25.
Ng5 Rhf8 26. Rce4 Rb5 27. Nf3 Rg8 28. g4 hxg4 29. hxg4 Ne7 30. Rh1 Nd5 31. Bd2 Nf6 32. Rc4 Rbb8 33. g5 Nd5 34. Rch4 Ne7 35. Rh7 Nf5 36. Kf1 Ke7 37. Ke2 Rb5 38. Ra1 Rbb8 39.
Ra4 Rh8 40. Rxh8 Rxh8 41. Ra1 Rh5 42. Rg1 Rh3 43. c3 Rh5 44. b4 c5 45. bxc5 Bxc5 46.
d4 Bd6 47. Rb1 Rh8 48. Rb7 Ra8 49. c4 Kd8 50. c5 Be7 51. Kd3 Kc8 52. Rb1 Rb8 53.
Rxb8+ Kxb8 54. Ne5 f6 55. gxf6 gxf6 56. Ng6 Bd8 57. c6 Kc8 58. Bb4 Ng7 59. Bf8 Nf5 60. Nf4 e5 61. dxe5 fxe5 62. Nd5 Bh4 63. f3 Nd4 64. f4 Nxc6 65. f5 Nxa5 66. f6 Nc6 67. f7 e4+ 68. Kxe4 Nd8 69. Be7 Nxf7 70. Bxh4 c6 71. Nc3 Kd7 72. Kd3 Nd6 73. Be1 Nf5 74. Kc4 Ke6 75. Na4 Ne3+ 76. Kc5 Nc2 77. Bd2 Na3 78.
Kb4 Nb5 79. Kc5 Nc7 80. Kxc6 Ne8 81. Nc5+ Ke5 82. Bc3+ Kf4 83. Kd7 a5 84. Kxe8 a4 85.
Nxa4 Ke4 86. Kd7 Kd3 87. Bf6 Kc4 88. Kc6 Kd3 89. Nc5+ Ke3 90. Kd5 Kf3 91. Be5 Ke3 92.
Bc3 Kf3 93. Ke5 Ke3 94. Bd4+ Kf3 95. Kf5 Kg3 96. Ne4+ Kf3 97. Ng5+ Kg3 98. Be3 Kg2 99. Kg4 Kh2 100. Bf2 Kg2 101. Bh4 Kh2 102. Nf3+ Kg2 103. Bg3 Kh1 104. Nd2 Kg2 105. Ne4 Kh1 106. Nf2+ Kg1 107. Kf3 Kf1 108. Ne4 Kg1 109. Nf2 Kf1 110. Bh2 Ke1 111. Ne4 Kf1 112. Nd2+ Ke1 113. Ke3 Kd1 114. Kd3 Ke1 115. Bg3+ Kd1 116. Bf2 Kc1 117. Kc3 Kd1 118. Kd3 Kc1 119. Nc4 Kd1 120. Nb2+ Kc1 121. Kc3 Kb1 122. Kb3 Kc1 123. Be3+ Kb1 124. Nc4 Ka1 125. Bd2 Kb1 126. Na3+ Ka1 127. Bc3# 1-0

[Event "*** SCC Grand Prix: Titled Tuesday Blitz"]
[Site "Chess.com"]
[Date "2020.07.07"]
[Round "1"]
[White "JoliyRoger"]
[Black "volcanoexplorer"]
[Result "1/2-1/2"]
[WhiteElo "2262"]
[BlackElo "2584"]
[TimeControl "180+1"]
[EndTime "10:10:56 PDT"]
[Termination "Game drawn - insufficient material"]

1. Nf3 Nf6 2. c4 e6 3. Nc3 d5 4. cxd5 exd5 5. d4 c6 6. Bg5 Be7 7. Bxf6 Bxf6 8. e3 Nd7 9. Bd3 O-O 10. Qc2 h6 11. h3 Nb6 12. O-O Re8 13. b4 a5 14. b5 Nc4 15. bxc6 bxc6 16. Rac1 Ba6 17.
Na4 Be7 18. Qe2 Rb8 19. Nd2 Ba3 20. Rc2 Bb5 21. Nc3 Bb4 22. Nxc4 dxc4 23. Bxc4 Re7 24.
Nxb5 cxb5 25. Bxb5 Reb7 26. Bc6 Re7 27. Qf3 Qd6 28. Be4 Rbe8 29. Bd3 g6 30. Rc6 Qd7 31.
Rfc1 Ba3 32. R1c2 Bd6 33. g3 Bb8 34. Kg2 Kg7 35. h4 h5 36. R6c5 Rd8 37. Rxa5 Re6 38.
Rac5 Rf6 39. Qe2 Bd6 40. Rc6 Qb7 41. Be4 Qe7 42. Bf3 Re6 43. a4 Qa7 44. Qc4 Re7 45.
e4 Bb8 46. d5 Be5 47. Ra6 Qb7 48. Qb5 Rb8 49. Qxb7 Rexb7 50. Rac6 Rb1 51. a5 Ra1 52. a6 Rbb1 53. Be2 Rg1+ 54. Kf3 Ra3+ 55. Bd3 Rxd3+ 56. Ke2 Ra3 57. d6 Rga1 58. d7 Bf6 59. Rxf6 Kxf6 60. d8=Q+ Kg7 61. Qd4+ Kh7 62. e5 Rxa6 63. Kf3 R1a4 64.
Qc3 Ra3 65. Kg2 Rxc3 66. Rxc3 Kg7 67. Rc7 Re6 68. Rc5 Ra6 69. Kf3 Kf8 70. g4 hxg4+ 71. Kxg4 Ra4+ 72. f4 Kg7 73. Rc8 Re4 74. Rc7 Re1 75.
Kg3 Kg8 76. Kf3 Rf1+ 77. Kg2 Re1 78. Kg3 Rf1 79. Rc3 Rg1+ 80. Kf2 Rh1 81. Kg3 Rg1+ 82. Kf3 Rf1+ 83. Ke4 Re1+ 84. Kd5 Rd1+ 85. Kc6 Rh1 86. Kd6 Rxh4 87. Rc4 Kg7 88. Kd5 Rh1 89. Ke4 Re1+ 90.
Kf3 Ra1 91. Kg3 Ra3+ 92. Kg4 Ra1 93. Rc7 Rg1+ 94. Kf3 Kf8 95. Kf2 Rh1 96. Kg3 Rg1+ 97.
Kf2 Ra1 98. Kf3 Kg8 99. Kg4 Rg1+ 100. Kh4 Re1 101. Kg5 Kg7 102. Rd7 Re4 103. Kg4 Re1 104. Kf3 Rf1+ 105. Kg2 Rxf4 106. e6 Kf8 107. exf7 Rxf7 108. Rd6 Kg7 109. Kg3 Ra7 110. Kg4 Ra4+ 111. Kg3 Kh6 112. Rb6 Kh5 113. Rb5+ g5 114. Rb8 Ra3+ 115. Kg2 Ra4 116. Rb5 Kh4 117. Rb3 Ra2+ 118. Kg1 Re2 119. Kh1 Rf2 120. Kg1 Rf4 121. Kh1 Rg4 122. Kh2 Rd4 123. Rh3+ Kg4 124. Rb3 Kf4 125. Kg2 Re4 126. Kf2 g4 127. Rb8 Re5 128. Rf8+ Ke4 129. Rb8 Rg5 130. Kg3 Rg7 131. Rb4+ Kf5 132.
Rf4+ Ke5 133. Rxg4 Rxg4+ 134. Kxg4 1/2-1/2

[Event "*** SCC Grand Prix: Titled Tuesday Blitz"]
[Site "Chess.com"]
[Date "2020.07.07"]
[Round "2"]
[White "Andrii_Prydun"]
[Black "TioCridineno"]
[Result "1-0"]
[WhiteElo "2401"]
[BlackElo "2101"]
[TimeControl "180+1"]
[EndTime "10:12:52 PDT"]
[Termination "Andrii_Prydun won by resignation"]

1. d4 Nf6 2. Nc3 d5 3. Bf4 c6 4. e3 Bf5 5. Nf3 e6 6. Ne5 Nbd7 7. g4 Bg6 8. h4 h5 9. Nxg6 fxg6 10. Bd3 Kf7 11. g5 Ne8 12. Qf3 Kg8 13. Bxg6 Bd6 14. Bxe8 Bxf4 15. Bxd7 1-0

[Event "*** SCC Grand Prix: Titled Tuesday Blitz"]
[Site "Chess.com"]
[Date "2020.07.07"]
[Round "2"]
[White "biaf13"]
[Black "Tekushka"]
[Result "0-1"]
[WhiteElo "1948"]
[BlackElo "2363"]
[TimeControl "180+1"]
[EndTime "10:13:13 PDT"]
[Termination "Tekushka won by resignation"]

1. e4 c5 2. Nf3 Nc6 3. d4 cxd4 4. Nxd4 e6 5. Nc3 d6 6. g4 a6 7. Be3 Nge7 8. Qd2 Ng6 9. O-O-O Be7 10. f4 Nxd4 11.
Bxd4 e5 12. Be3 exf4 13. Bxf4 Nxf4 14. Qxf4 Bg5 0-1

[Event "*** SCC Grand Prix: Titled Tuesday Blitz"]
[Site "Chess.com"]
[Date "2020.07.07"]
[Round "2"]
[White "TimKett"]
[Black "sergeikim"]
[Result "1/2-1/2"]
[WhiteElo "2169"]
[BlackElo "2412"]
[TimeControl "180+1"]
[EndTime "10:13:43 PDT"]
[Termination "Game drawn by repetition"]

1. e4 e5 2. f4 Bc5 3. Nf3 d6 4. Nc3 Nc6 5. Bb5 Bg4 6. h3 Bxf3 7. Qxf3 Nf6 8. d3 O-O 9. Bxc6 bxc6 10. fxe5 dxe5 11.
Bg5 Rb8 12. Bxf6 gxf6 13. O-O-O Bd4 14. Rhf1 Kg7 15. Qg4+ Kh8 16. Qf5 Kg7 17. Qg4+ Kh8 18.
Qf5 Kg7 19. Qg4+ 1/2-1/2

[Event "*** SCC Grand Prix: Titled Tuesday Blitz"]
[Site "Chess.com"]
[Date "2020.07.07"]
[Round "2"]
[White "GiorgianBarbosa"]
[Black "Pultis"]
[Result "0-1"]
[WhiteElo "2429"]
[BlackElo "2661"]
[TimeControl "180+1"]
[EndTime "10:13:47 PDT"]
[Termination "Pultis won by resignation"]

1. c4 b6 2. Nf3 Bb7 3. g3 e6 4. Bg2 Nf6 5. O-O Be7 6. d4 O-O 7. Nc3 Nc6 8. d5 Na5 9. b3 exd5 10. cxd5 Re8 11. Nd4 Bb4 12. Bb2 Bxc3 13. Bxc3 Bxd5 14.
Bxa5 Bxg2 15. Kxg2 bxa5 16. e3 c6 17. Qd2 Qb6 18. Nf5 Re5 19. Qc2 Qc5 20. Qxc5 Rxc5 21.
Rfd1 Rxf5 0-1

[Event "*** SCC Grand Prix: Titled Tuesday Blitz"]
[Site "Chess.com"]
[Date "2020.07.07"]
[Round "2"]
[White "valeriocarnicelli"]
[Black "TamirNabaty"]
[Result "0-1"]
[WhiteElo "2492"]
[BlackElo "2732"]
[TimeControl "180+1"]
[EndTime "10:13:53 PDT"]
[Termination "TamirNabaty won by resignation"]

1. e4 e5 2. Nf3 Nc6 3. d4 exd4 4.
Bc4 Bc5 5. c3 d6 6. cxd4 Bb6 7.
O-O Nf6 8. Nc3 O-O 9. Bg5 h6 10. Bh4 Bg4 11. Nd5 g5 12. Bg3 Nxe4 13. Qd3 Nxg3 14. Nxb6 Bf5 15. Qc3 Ne4 16. Qe3 axb6 0-1

[Event "*** SCC Grand Prix: Titled Tuesday Blitz"]
[Site "Chess.com"]
[Date "2020.07.07"]
[Round "2"]
[White "ambaixador"]
[Black "BillieKimbah"]
[Result "0-1"]
[WhiteElo "2342"]
[BlackElo "2879"]
[TimeControl "180+1"]
[EndTime "10:13:58 PDT"]
[Termination "BillieKimbah won by resignation"]

1. Nf3 Nf6 2. c4 e6 3. g3 a6 4.
Bg2 b5 5. Ne5 Ra7 6. b3 Bb7 7.
O-O Bxg2 8. Kxg2 c5 9. d4 Qc7 10. Bf4 d6 11. Nf3 cxd4 12. Qxd4 e5 13. Nxe5 dxe5 14. Bxe5 Qb7+ 15. Kg1 Nc6 16. Qe3 Ng4 0-1

[Event "*** SCC Grand Prix: Titled Tuesday Blitz"]
[Site "Chess.com"]
[Date "2020.07.07"]
[Round "2"]
[White "Alopekos"]
[Black "exoticprincess"]
[Result "1-0"]
[WhiteElo "2350"]
[BlackElo "2777"]
[TimeControl "180+1"]
[EndTime "10:14:09 PDT"]
[Termination "Alopekos won by checkmate"]

1. e4 c6 2. d4 d5 3. Nd2 dxe4 4. Nxe4 Nf6 5. Nxf6+ exf6 6. Bc4 Bd6 7. Qe2+ Kf8 8.
Nf3 Nd7 9. O-O h5 10. Bb3 g6 11.
Qc4 Rh7 12. Nh4 Nb6 13. Nxg6+ Kg7 14. Qxf7# 1-0

[Event "*** SCC Grand Prix: Titled Tuesday Blitz"]
[Site "Chess.com"]
[Date "2020.07.07"]
[Round "2"]
[White "VerdeNotte"]
[Black "biesiadnik"]
[Result "1-0"]
[WhiteElo "2783"]
[BlackElo "2432"]
[TimeControl "180+1"]
[EndTime "10:14:17 PDT"]
[Termination "VerdeNotte won by resignation"]

1. e4 e6 2. d4 d5 3. Nd2 Nc6 4. Ngf3 Nf6 5. e5 Nd7 6. c3 f6 7. Bb5 a6 8. Bxc6 bxc6 9. Qa4 c5 10. Qc6 Rb8 11. Qxe6+ Qe7 12. Qxd5 Bb7 13. Qc4 fxe5 14. O-O cxd4 15. cxd4 e4 16. Re1 Nf6 17. Ng5 1-0

[Event "*** SCC Grand Prix: Titled Tuesday Blitz"]
[Site "Chess.com"]
[Date "2020.07.07"]
[Round "2"]
[White "arminmusovic"]
[Black "amintabatabaei"]
[Result "1-0"]
[WhiteElo "2597"]
[BlackElo "2921"]
[TimeControl "180+1"]
[EndTime "10:14:24 PDT"]
[Termination "arminmusovic won by resignation"]

1. a3 a6 2. Nc3 d5 3. e4 dxe4 4. Nxe4 Nf6 5. Ng3 e5 6. Bc4 Nc6 7. d3 Bd6 8. N1e2 O-O 9. O-O b5 10. Ba2 Re8 11. Ne4 Nxe4 12. dxe4 Be6 13. Be3 Bxa2 14.
Rxa2 Ne7 15. c4 c6 16. b4 Ng6 17. Rd2 Bxb4 18. Rxd8 Raxd8 19. axb4 Rxd1 20. Rxd1 bxc4 21.
Rc1 Rd8 22. g3 Ne7 23. Rxc4 f6 24. Bc5 Nc8 25. Kg2 Kf7 26. f4 g6 27. Rc2 Ke6 28.
Ra2 f5 29. exf5+ Kxf5 30. fxe5 Kxe5 31. Rxa6 Rd2 32. Kf2 Nd6 33. Bxd6+ Rxd6 34. Ke3 Kd5 35. Nd4 Rf6 36. Rxc6 1-0

[Event "*** SCC Grand Prix: Titled Tuesday Blitz"]
[Site "Chess.com"]
[Date "2020.07.07"]
[Round "2"]
[White "krzyzan94"]
[Black "gui_borba"]
[Result "1-0"]
[WhiteElo "2672"]
[BlackElo "2337"]
[TimeControl "180+1"]
[EndTime "10:14:28 PDT"]
[Termination "krzyzan94 won by resignation"]

1. d4 Nf6 2. Bf4 d5 3. e3 e6 4. Nf3 c5 5. Nbd2 Bd6 6. c3 O-O 7. Bg3 Qc7 8. Ne5 Nbd7 9. f4 b6 10. Bd3 Bb7 11. O-O Ne4 12. Bxe4 dxe4 13. Ndc4 Nf6 14.
Nxd6 Qxd6 15. f5 exf5 16. Ng6 Qe6 17. Nxf8 Rxf8 18. dxc5 bxc5 19. Qd6 Nd5 20. Qxc5 Rc8 21. Qxa7 g5 22. Qxb7 Nxe3 23. Rfe1 f4 24. Bf2 Nd5 25. Rad1 Rd8 26. c4 1-0

[Event "*** SCC Grand Prix: Titled Tuesday Blitz"]
[Site "Chess.com"]
[Date "2020.07.07"]
[Round "2"]
[White "SerGo055"]
[Black "tteshan"]
[Result "1-0"]
[WhiteElo "2550"]
[BlackElo "2305"]
[TimeControl "180+1"]
[EndTime "10:14:34 PDT"]
[Termination "SerGo055 won by resignation"]

1. d4 Nf6 2. Nf3 g6 3. c4 Bg7 4. Nc3 d6 5. Bg5 h6 6. Bf4 O-O 7. Qd2 Kh7 8. h4 Nc6 9. d5 Nb8 10. e4 e5 11. dxe6 Bxe6 12. Be2 Nc6 13. Ng5+ hxg5 14. hxg5+ Nh5 15. g4 Be5 16. gxh5 Bxf4 17. Qxf4 f6 18. hxg6+ Kxg6 19. Rh6+ Kg7 20. gxf6+ Rxf6 21. Qg5+ Kf7 22. Bh5+ 1-0

[Event "*** SCC Grand Prix: Titled Tuesday Blitz"]
[Site "Chess.com"]
[Date "2020.07.07"]
[Round "2"]
[White "Vaathi_Coming"]
[Black "enzovsky"]
[Result "1-0"]
[WhiteElo "2897"]
[BlackElo "2452"]
[TimeControl "180+1"]
[EndTime "10:14:40 PDT"]
[Termination "Vaathi_Coming won by resignation"]

1. Nf3 c5 2. e4 d6 3. Bb5+ Bd7 4.
a4 g6 5. d4 cxd4 6. Qxd4 Nf6 7. O-O Nc6 8. Bxc6 Bxc6 9. Nc3 Bg7 10. h3 O-O 11. Qd3 Nd7 12. Be3 a6 13. a5 Rc8 14.
Bd4 Nc5 15. Qe3 Qd7 16. Rad1 Ne6 17. Bxg7 Kxg7 18. Nd5 Bxd5 19. exd5 Nc5 20. Rfe1 Rfe8 21. b4 Na4 22. Qd4+ Kg8 23. c4 Qc7 24. Ra1 b5 25. axb6 Nxb6 26. Rxa6 Nxc4 27. Rc6 e5 28.
Qxc4 1-0

[Event "*** SCC Grand Prix: Titled Tuesday Blitz"]
[Site "Chess.com"]
[Date "2020.07.07"]
[Round "2"]
[White "czasnaszachy"]
[Black "GracefulYear"]
[Result "1-0"]
[WhiteElo "2253"]
[BlackElo "2436"]
[TimeControl "180+1"]
[EndTime "10:14:41 PDT"]
[Termination "czasnaszachy won by resignation"]

1. d4 Nf6 2. c4 e6 3. Nc3 Bb4 4. e3 b6 5. Ne2 Bb7 6. a3 Bxc3+ 7.
Nxc3 O-O 8. Bd3 d6 9. O-O Nbd7 10. e4 c5 11. d5 e5 12. Ne2 a6 13. a4 Qe7 14. Ng3 g6 15. Bg5 Kg7 16. Qd2 Rfe8 17. f4 h6 18. fxe5 hxg5 19. exf6+ Nxf6 20. Qxg5 Nxe4 21. Nf5+ 1-0

[Event "*** SCC Grand Prix: Titled Tuesday Blitz"]
[Site "Chess.com"]
[Date "2020.07.07"]
[Round "2"]
[White "Skatchkov_V"]
[Black "barbara25"]
[Result "1-0"]
[WhiteElo "2548"]
[BlackElo "2303"]
[TimeControl "180+1"]
[EndTime "10:14:42 PDT"]
[Termination "Skatchkov_V won by resignation"]

1. Nf3 Nf6 2. g3 e6 3. Bg2 d5 4. O-O c5 5. d3 Nc6 6. Nbd2 Bd6 7. Re1 Qc7 8. e4 O-O 9. c3 Rd8 10. Qc2 b6 11. b3 Bb7 12. Bb2 e5 13. exd5 Nxd5 14.
Nc4 Re8 15. Nxd6 Qxd6 16. Rad1 Rad8 17. d4 exd4 18. Rxe8+ Rxe8 19. cxd4 cxd4 20. Nxd4 Nxd4 21. Bxd4 Qe6 22. Qd2 Qe2 23. Qxe2 Rxe2 24. Be3 1-0

[Event "*** SCC Grand Prix: Titled Tuesday Blitz"]
[Site "Chess.com"]
[Date "2020.07.07"]
[Round "2"]
[White "davigator"]
[Black "Karateloru"]
[Result "0-1"]
[WhiteElo "2292"]
[BlackElo "2643"]
[TimeControl "180+1"]
[EndTime "10:14:52 PDT"]
[Termination "Karateloru won by resignation"]

1. e4 c5 2. Nf3 e6 3. d4 cxd4 4. Nxd4 Bc5 5. Nb3 Bb6 6. Qg4 Nf6 7. Qxg7 Rg8 8. Qh6 Bxf2+ 9. Kd1 Rg6 10. Qh3 Nxe4 11.
Qxh7 d5 12. Nc3 Nxc3+ 13. bxc3 Nc6 14. Ba3 Qf6 15. Bd3 Rxg2 16. Qh3 Rg8 17. Qf1 e5 18.
Kc1 e4 19. Be2 e3 20. Kb2 Rh8 21. h3 d4 22. Rd1 dxc3+ 23. Kb1 Be6 24. Bf3 Qxf3 25.
Qb5 e2 26. Qxb7 exd1=Q+ 27. Rxd1 Qxd1+ 28. Bc1 Rc8 0-1

[Event "*** SCC Grand Prix: Titled Tuesday Blitz"]
[Site "Chess.com"]
[Date "2020.07.07"]
[Round "2"]
[White "JozefKneht"]
[Black "Sam_ChessMood"]
[Result "0-1"]
[WhiteElo "2440"]
[BlackElo "2840"]
[TimeControl "180+1"]
[EndTime "10:14:53 PDT"]
[Termination "Sam_ChessMood won by resignation"]

1. e4 c6 2. d4 d5 3. Nc3 dxe4 4. Nxe4 Bf5 5. Ng3 Bg6 6. h4 h6 7. Nf3 e6 8. Ne5 Bh7 9. Bd3 Bxd3 10. Qxd3 Nd7 11.
Bf4 Qa5+ 12. c3 Ngf6 13. Qe2 Be7 14. Nh5 Nxh5 15. Qxh5 Nxe5 16. Bxe5 Bf6 17. Qe2 Bxe5 18. Qxe5 Qxe5+ 19. dxe5 Rd8 20. Rd1 Rd5 21. f4 Ke7 22. Ke2 Rhd8 23. h5 f6 24. exf6+ Kxf6 25. g4 Rxd1 26.
Rxd1 Rxd1 27. Kxd1 e5 0-1

[Event "*** SCC Grand Prix: Titled Tuesday Blitz"]
[Site "Chess.com"]
[Date "2020.07.07"]
[Round "2"]
[White "Sashadav97"]
[Black "hanzo_hasashi1"]
[Result "0-1"]
[WhiteElo "2542"]
[BlackElo "2833"]
[TimeControl "180+1"]
[EndTime "10:14:55 PDT"]
[Termination "hanzo_hasashi1 won by resignation"]

1. d4 Nf6 2. c4 e6 3. Nc3 Bb4 4. e3 O-O 5. Bd3 d5 6. a3 Bxc3+ 7. bxc3 c5 8. cxd5 exd5 9. Ne2 b6 10. O-O Ba6 11. f3 Re8 12. Ng3 h5 13. e4 cxd4 14. cxd4 dxe4 15. Bxa6 Nxa6 16. fxe4 Nxe4 17. Nxh5 g6 18. Bh6 gxh5 19. Qxh5 Qxd4+ 0-1

[Event "*** SCC Grand Prix: Titled Tuesday Blitz"]
[Site "Chess.com"]
[Date "2020.07.07"]
[Round "2"]
[White "Irishchessman16"]
[Black "2008king"]
[Result "0-1"]
[WhiteElo "2437"]
[BlackElo "2252"]
[TimeControl "180+1"]
[EndTime "10:15:00 PDT"]
[Termination "2008king won by resignation"]

1. e4 e5 2. Nf3 Nc6 3. d4 exd4 4. Nxd4 Nf6 5. Nxc6 bxc6 6. e5 Qe7 7. Qe2 Nd5 8.
g3 g6 9. c4 Ba6 10. b3 Bg7 11. Bb2 O-O 12. Bg2 Rae8 13. O-O Bxe5 14. Bxe5 Qxe5 15. Qxe5 Rxe5 16. cxd5 Bxf1 17. Kxf1 cxd5 18.
Na3 c6 19. Rd1 Rfe8 20. Bf3 f5 21. Nc2 Kf7 22. Rd4 Kf6 23. Ra4 Ra8 24. h4 h6 25.
Ra6 g5 26. Nb4 Ke7 27. Nxc6+ dxc6 28. Rxc6 g4 29. Bg2 h5 30. Rc7+ Kd6 31. Rh7 Rae8 32. Kg1 Re1+ 33. Kh2 R8e2 34. Rxa7 Rxf2 0-1

[Event "*** SCC Grand Prix: Titled Tuesday Blitz"]
[Site "Chess.com"]
[Date "2020.07.07"]
[Round "2"]
[White "Smile2005"]
[Black "MihailNik"]
[Result "0-1"]
[WhiteElo "2478"]
[BlackElo "2690"]
[TimeControl "180+1"]
[EndTime "10:15:01 PDT"]
[Termination "MihailNik won by resignation"]

1. d4 d5 2. c4 c6 3. cxd5 cxd5 4. Nc3 Nf6 5. Bf4 Nc6 6. e3 e6 7. Nf3 Be7 8. Bd3 Bd7 9. h3 O-O 10. O-O Qb6 11. Qe2 Rfc8 12. Rac1 Qd8 13. Ne5 Be8 14. Nxc6 Rxc6 15. Bb5 Rcc8 16. Bxe8 Nxe8 17. Na4 Qa5 18. b3 Ba3 19. Rxc8 Rxc8 20. e4 Nf6 21. exd5 Nxd5 22. Be5 b6 23. Qg4 Bf8 24. f4 Ne3 0-1

[Event "*** SCC Grand Prix: Titled Tuesday Blitz"]
[Site "Chess.com"]
[Date "2020.07.07"]
[Round "2"]
[White "alexsergeyev"]
[Black "pfalcon1949"]
[Result "1-0"]
[WhiteElo "2363"]
[BlackElo "1938"]
[TimeControl "180+1"]
[EndTime "10:15:09 PDT"]
[Termination "alexsergeyev won by resignation"]

1. e4 e6 2. d4 d5 3. Nc3 Bb4 4. Ne2 dxe4 5. a3 Bxc3+ 6. Nxc3 Nc6 7. Bb5 Ne7 8. Nxe4 O-O 9. c3 e5 10. dxe5 Nxe5 11. Qxd8 Rxd8 12. O-O c6 13. Be2 Be6 14. Bf4 N7g6 15. Bg3 Nc4 16. Nc5 Rd2 17. Rfe1 Bd5 18. b3 Na5 19. c4 Be6 20. Nxe6 fxe6 21. b4 Nb3 22. Rad1 Rad8 23. h4 e5 24. c5 Nf4 25.
Bc4+ Kf8 26. Bxb3 1-0

[Event "*** SCC Grand Prix: Titled Tuesday Blitz"]
[Site "Chess.com"]
[Date "2020.07.07"]
[Round "2"]
[White "lukas_111111"]
[Black "dalmatinac101"]
[Result "0-1"]
[WhiteElo "2529"]
[BlackElo "2807"]
[TimeControl "180+1"]
[EndTime "10:15:15 PDT"]
[Termination "dalmatinac101 won by resignation"]

1. e4 g6 2. d4 d6 3. Nc3 Bg7 4. Be3 c6 5. Qd2 b5 6. f3 Nd7 7. Nh3 Nb6 8. Nf2 Nf6 9. a4 b4 10. Ncd1 a5 11. Bd3 O-O 12. O-O e5 13. dxe5 dxe5 14.
Qe2 Be6 15. b3 Nh5 16. g3 f5 17. exf5 gxf5 18. f4 e4 19. Qxh5 exd3 20. Ra2 dxc2 21. Rxc2 Bxb3 22. Rxc6 Nd5 23. Bc5 Rf6 24. Rxf6 Qxf6 25.
Ne3 Nxe3 26. Bxe3 Bxa4 27. Nd3 Bb5 28. Ne5 Bxf1 29. Qf3 Rd8 30. Qxf1 Qe6 0-1

[Event "*** SCC Grand Prix: Titled Tuesday Blitz"]
[Site "Chess.com"]
[Date "2020.07.07"]
[Round "2"]
[White "Pintacara"]
[Black "fmshawnrl123"]
[Result "0-1"]
[WhiteElo "2314"]
[BlackElo "2645"]
[TimeControl "180+1"]
[EndTime "10:15:15 PDT"]
[Termination "fmshawnrl123 won by resignation"]

1. d4 Nf6 2. Bg5 c6 3. Nc3 d5 4. e3 Bf5 5. f3 h6 6. Bh4 Nbd7 7. Bf2 e6 8. g4 Bh7 9. h4 Bd6 10. Nh3 Qc7 11. Bd3 Bxd3 12. cxd3 O-O-O 13. f4 Kb8 14. a3 h5 15. Ng5 Nxg4 16. Nxf7 Bxf4 17. Nxd8 Bxe3 18. Nxc6+ bxc6 19. Bxe3 Qg3+ 20. Kd2 Qxe3+ 21. Kc2 Qxd4 22. Qg1 Ne3+ 23. Kd2 Ne5 24. Ke2 Qxd3+ 25. Kf2 Rf8+ 0-1

[Event "*** SCC Grand Prix: Titled Tuesday Blitz"]
[Site "Chess.com"]
[Date "2020.07.07"]
[Round "2"]
[White "DarkAlekhine"]
[Black "rugbyclub"]
[Result "1-0"]
[WhiteElo "2623"]
[BlackElo "2152"]
[TimeControl "180+1"]
[EndTime "10:15:17 PDT"]
[Termination "DarkAlekhine won by resignation"]

1. e4 e5 2. Nf3 Nc6 3. Bb5 a6 4. Ba4 Nf6 5. O-O Be7 6. Re1 b5 7. Bb3 O-O 8. h3 Bb7 9. d3 d5 10. Nc3 dxe4 11. Nxe4 Nxe4 12. dxe4 Bb4 13. c3 Bc5 14.
Bd5 Qe7 15. b4 Bb6 16. a4 Rfc8 17. a5 Ba7 18. Ng5 Rf8 19. Qh5 h6 20. Nf3 Rad8 21.
Bxh6 gxh6 22. Qg6+ Kh8 23. Qxh6+ Kg8 24. Ng5 1-0

[Event "*** SCC Grand Prix: Titled Tuesday Blitz"]
[Site "Chess.com"]
[Date "2020.07.07"]
[Round "2"]
[White "thedjoker98"]
[Black "Konek-Gorbunok"]
[Result "1-0"]
[WhiteElo "2524"]
[BlackElo "2297"]
[TimeControl "180+1"]
[EndTime "10:15:31 PDT"]
[Termination "thedjoker98 won by resignation"]

1. d4 d5 2. c4 e6 3. Nc3 c6 4. e4 dxe4 5. Nxe4 Bb4+ 6. Nc3 c5 7. a3 Ba5 8. Be3 Nf6 9. dxc5 Bxc3+ 10. bxc3 Qxd1+ 11. Rxd1 Ng4 12. Bf4 e5 13. Bg3 Nd7 14. Be2 Nh6 15.
f3 Nf5 16. Bf2 Nf6 17. Nh3 h6 18. g4 Ne7 19. Bg3 Nd7 20. Nf2 Nxc5 21. Bxe5 O-O 22.
Bd6 1-0

[Event "*** SCC Grand Prix: Titled Tuesday Blitz"]
[Site "Chess.com"]
[Date "2020.07.07"]
[Round "2"]
[White "VALPARAISO37"]
[Black "Lenyas66"]
[Result "0-1"]
[WhiteElo "2289"]
[BlackElo "2495"]
[TimeControl "180+1"]
[EndTime "10:15:47 PDT"]
[Termination "Lenyas66 won by checkmate"]

1. d4 e6 2. c4 Bb4+ 3. Nc3 c5 4. a3 Bxc3+ 5. bxc3 Nc6 6. e3 d6 7. Bd3 Nf6 8. f3 e5 9. Ne2 O-O 10. O-O b6 11.
Ng3 Re8 12. d5 Na5 13. Rb1 Ba6 14. Qe2 Qd7 15. e4 Qa4 16. Bg5 Nd7 17. Nf5 Nxc4 18. Nxd6 Nxd6 19. Bxa6 c4 20. Bb5 Nxb5 21. Rb4 Qa5 22.
Qxc4 Nd6 23. Qb3 Nc5 24. Qa2 Rac8 25. Be3 Nd3 26. Qb3 Nxb4 27. cxb4 Qb5 28. Qd1 Rc3 29. f4 Rxe3 30. fxe5 Nxe4 31. Qd4 Qe2 32. d6 Rd3 33. d7 Rd8 34. e6 Rxd4 35. e7 Qe3+ 36. Rf2 Qxf2+ 37.
Kh1 Rd1# 0-1